Unix NetHack Version 5.0.0-0 post-release - last build May  4 2026 22:22:43 (774f63e81ad911689b3a0859ea89b322d5daca8d,branch:main).

Game began 2026-05-07 07:12:41, ended 2026-05-07 07:39:05.

01246791210, neutral male human Barbarian

                                  ----------------
 ------                        ###-...........<..|
 |....|       -----------         |..{...........-#
 |....-#      |.........|         |..............|#
 |....|#      |..........#########.....(.........|#           -------
 |....|#      |...:.....|         ---.-----.------#           |.!()!|
 |....|#      |.........|        #####     #      #           |.?*?*|
 --.---#      |..>.......#       #                #          #-.+*))|
   ########## -------.---######  #               ##       ####|.(?*)|
       #    ###############   #####              #        #   |.=%!!|
       ###    ##          #  ---------  `##########`      #   -------
         #  ###           ###|.......|           #-.------#
         #--.----           #|..G--)@|           #|......|#
         #|.....|           #|...}...|           #|......|#
         #|.....|           #...}..>}|           #|......|#
         #......|            |...}{}.|           #-.......#
          -------            ---------            |......|
                                                  --------

01246791210 the Pillager   St:18 Dx:18 Co:18 In:8 Wi:7 Ch:7  Neutral
Dlvl:4  $:83 HP:0(40) Pw:8(8) AC:7  Xp:4 T:2399 

Latest messages:
 You hear bubbling water.
 You see here a statue of a newt.
 You kill the gnome!
 The gnome swings his aklys.
 The gnome hits!
 The gnome swings his aklys.
 The gnome hits!
 The gnome throws an aklys!
 You are hit by an aklys.
 The gnome swings his aklys.
 The gnome hits!
 The gnome swings his aklys.
 The gnome misses!
 The gnome throws an aklys!
 An aklys misses you.
 The gnome throws an aklys!
 You are hit by an aklys.
 You see here a chest.
 You hear the splashing of a naiad.
 The iguana bites!
 You kill the iguana!
 You are hit by an aklys!
 There is a doorway here.
 You see here an iguana corpse.
 There is a doorway here.
 You see here an iguana corpse.
 s - an iguana corpse.
 You are hit by an aklys.
 An aklys misses you.
 The gnome throws an aklys!
 You are hit by an aklys!
 The gnome throws an aklys!
 An aklys misses you.
 The gnome swings his aklys.
 The gnome hits!
 The gnome swings his aklys.
 The gnome hits!
 The gnome swings his aklys.
 The gnome misses!
 The gnome throws an aklys!
 You are hit by an aklys!
 You hear the howling of the CwnAnnwn...
 The gnome throws an aklys!
 You are hit by an aklys.
 You die...
 Do you want your possessions identified? [ynq] (y) n
 Do you want to see your attributes? [ynq] (y) n
 Do you want an account of creatures vanquished? [ynaq] (y) n
 Do you want to see your conduct and achievements? [ynq] (y) n
 Do you want to see the dungeon overview? [ynq] (y) n

Inventory:
 Coins    ('$')
  $ - 83 gold pieces
 Weapons  (')')
  l - a +0 orcish dagger
  b - a +0 axe (alternate weapon; not wielded)
  a - a +0 two-handed sword (weapon in hands)
 Armor    ('[')
  n - an uncursed +0 pair of water walking boots
  c - a blessed +0 ring mail (being worn)
 Comestibles  ('%')
  p - an uncursed fortune cookie
  q - an uncursed gecko corpse
  s - an uncursed iguana corpse
 Scrolls  ('?')
  f - an uncursed scroll of identify
 Spellbooks  ('+')
  h - an uncursed spellbook of detect unseen
 Potions  ('!')
  i - a cursed potion of monster detection
 Wands    ('/')
  r - a wand of magic missile (0:5)
 Tools    ('(')
  j - an uncursed bell
 Boulders/Statues  ('`')
  e - an empty uncursed statue of a lichen

01246791210 the Barbarian's attributes:

Background:
 You were a Pillager, a level 4 male human Barbarian.
 You were neutral, nominally on a mission for Crom
 who was opposed by Mitra (lawful) and Set (chaotic).
 You were right-handed.
 You were in the Dungeons of Doom, on level 4.
 You entered the dungeon 2399 turns ago.
 You had 93 experience points, 67 more were needed to attain level 5.

Basics:
 You had 0 out of 40 hit points.
 You had all 8 energy points (spell power).
 Your armor class was 7.
 Your wallet contained 83 zorkmids.
 Autopickup was off.

Final Characteristics:
 Your strength was 18 (limit:18/100).
 Your dexterity was 18 (limit:18).
 Your constitution was 18 (limit:18).
 Your intelligence was 8 (limit:18).
 Your wisdom was 7 (limit:18).
 Your charisma was 7 (limit:18).

Final Status:
 You weren't hungry.
 You were unencumbered.
 You were wielding a two-handed sword.
 You had basic skill with two-handed sword.

Final Attributes:
 You were devoutly aligned.
 You were poison resistant.
 You were warded.
 You are dead.

Miscellaneous:
 You didn't encounter any bones levels.
 Total elapsed playing time was 25 minutes and 44 seconds.

Major events:
 Turn
    1: 01246791210 the neutral male human Barbarian entered the dungeon
 1625: attained the rank of Pillager (level 3)
 2399: killed by an aklys

You didn't know any spells.

Skills:
 Fighting Skills
   bare handed combat [Basic]
   two weapon combat  [Unskilled]
   riding             [Unskilled]
 Weapon Skills
   dagger             [Unskilled]
   axe                [Basic]
   pick-axe           [Unskilled]
   short sword        [Unskilled]
   broadsword         [Unskilled]
   long sword         [Unskilled]
   two-handed sword   [Basic]
   saber              [Unskilled]
   club               [Unskilled]
   mace               [Unskilled]
   morning star       [Unskilled]
   flail              [Unskilled]
   hammer             [Unskilled]
   quarterstaff       [Unskilled]
   spear              [Unskilled]
   trident            [Unskilled]
   bow                [Unskilled]
 Spellcasting Skills
   attack spells      [Unskilled]
   escape spells      [Unskilled]

Voluntary challenges:
 Character rerolling was not enabled.
 You were an atheist.
 You were illiterate.
 You never genocided any monsters.
 You never polymorphed an object.
 You never changed form.
 You used no wishes.
Achievements:
 You entered a shop.
 You attained the rank of Pillager.

 The Dungeons of Doom: levels 1 to 4
    Level 1:
       A sink.
    Level 2:
       A scroll shop, some fountains.
    Level 3:
       Some fountains, a grave.
    Level 4: <- You were here.
       A general store, some fountains.
       Final resting place for
          you, killed by an aklys.


Vanquished creatures:
  a floating eye
  a giant bat
  2 iguanas
  2 coyotes
  2 giant rats
  a cave spider
  a gnome
  4 geckos
  3 jackals
  a goblin
  2 sewer rats
 10 grid bugs
  a bat
  2 lichens
 11 newts
44 creatures vanquished.

No species were genocided or became extinct.

Game over:
                       ----------
                      /          \
                     /    REST    \
                    /      IN      \
                   /     PEACE      \
                  /                  \
                  |   01246791210    |
                  |      83 Au       |
                  |   killed by an   |
                  |      aklys       |
                  |                  |
                  |                  |
                  |       2026       |
                 *|     *  *  *      | *
        _________)/\\_//(\/(/\)/\//\/|_)_______

Goodbye 01246791210 the Barbarian...

You died in The Dungeons of Doom on dungeon level 4 with 597 points,
and 83 pieces of gold, after 2399 moves.
You were level 4 with a maximum of 40 hit points when you died.

